Map: King Sejong Station LE

Players

Major (SpeCial) - Winner!

  • Race: Terran Terran

HeroMarine

  • Race: Terran Terran

Event: 2016 WCS Summer Circuit Championship (DH Montreal)

VOD

Have the link to the VOD?

Description

Time

  • Played on: Aug. 13, 2016, 4:53 p.m.
  • Length: 13:10

All games in this series

Show
View Real Time Build Order
Export as new Build Order

Major Terran - Winner!

Build Orders:  

Get SALT Encoding   

  12  0:00  SCV  
  13  0:12  SCV  
  14  0:17  Supply Depot  
  14  0:24  SCV  
  14  0:28  Refinery  
  15  0:38  SCV  
  16  0:44  Barracks  
  16  0:51  SCV  
  17  0:57  Refinery  
  17  1:03  SCV  
  18  1:15  SCV  
  19  1:33  Factory  
  19  1:35  Reaper  
  19  1:36  Orbital Command  
  20  1:46  Supply Depot  
  20  2:02  SCV  
  20  2:07  Reaper  
  22  2:15  SCV  
  23  2:17  Hellion  
  25  2:29  Command Center  
  25  2:31  SCV  
  26  2:38  Supply Depot  
  26  2:43  Barracks Reactor, SCV  
  27  2:45  Factory Tech Lab  
  27  2:56  Starport, SCV  
  28  3:08  SCV  
  29  3:17  Siege Tank  
  32  3:20  Marine x2, SCV  
  35  3:32  SCV  
  36  3:36  Medivac  
  36  3:40  Orbital Command  
  38  3:43  Marine  
  38  3:44  Marine, SCV  
  38  3:47  Supply Depot  
  41  3:56  SCV  
  42  4:07  SCV  
  42  4:08  SCV  
  42  4:09  Marine  
  48  4:10  Marine  
  46  4:19  SCV  
  46  4:20  Banshee, Cloaking Field, SCV  
  46  4:21  Widow Mine  
  51  4:26  Supply Depot  
  51  4:28  Marine x2  
  51  4:31  SCV  
  54  4:33  SCV  
  55  4:43  SCV  
  56  4:48  SCV  
  56  4:49  Marine x2  
  56  4:54  Command Center, Factory Tech Lab  
  56  4:55  SCV  
  57  5:02  SCV  
  57  5:03  Supply Depot  
  57  5:07  Marine x2, SCV  
  56  5:11  Banshee  
  61  5:17  SCV  
  61  5:18  Siege Tank  
  61  5:19  SCV  
  61  5:24  Marine  
  61  5:25  Marine  
  61  5:26  Refinery  
  61  5:27  Refinery  
  63  5:30  SCV  
  63  5:31  SCV  
  65  5:42  Marine x2, SCV  
  66  5:43  SCV  
  66  5:45  Barracks x2  
  66  5:53  Siege Tank  
  66  5:54  Banshee, SCV  
  66  5:55  SCV  
  74  6:00  Marine x2  
  76  6:06  SCV  
  76  6:07  Engineering Bay x2  
  76  6:08  SCV  
  74  6:18  Marine x2  
  64  6:25  Siege Tank  
  65  6:30  SCV x2  
  66  6:35  SCV  
  66  6:36  Marine x2  
  68  6:42  SCV  
  68  6:43  Barracks Tech Lab x2  
  68  6:44  SCV  
  69  6:49  Orbital Command  
  69  6:54  Banshee, Marine x2, SCV  
  67  6:56  SCV  
  73  7:02  Siege Tank  
  73  7:04  Marine x2  
  73  7:06  SCV  
  73  7:08  SCV  
  80  7:09  Stimpack  
  80  7:13  Combat Shields  
  80  7:15  Terran Infantry Weapons Level 1  
  80  7:17  SCV  
  80  7:18  SCV  
  80  7:20  SCV  
  83  7:23  Marine x3  
  83  7:25  Marine  
  83  7:27  Terran Infantry Armor Level 1  
  83  7:29  SCV  
  88  7:30  SCV  
  88  7:31  Supply Depot  
  88  7:32  SCV  
  88  7:34  Siege Tank  
  93  7:44  Supply Depot, Barracks x2  
  93  7:47  Starport Reactor  
  93  7:50  Supply Depot  
  93  7:53  SCV  
  93  7:55  SCV x2  
  93  7:56  Marine x3  
  96  8:01  Supply Depot  
  96  8:02  Marine  
  96  8:05  SCV  
  98  8:07  SCV x2  
  100  8:14  Marine x3  
  100  8:16  Siege Tank  
  100  8:17  SCV  
  100  8:19  SCV  
  109  8:20  Marine, SCV  
  109  8:24  Medivac x2  
  111  8:29  SCV  
  111  8:30  Refinery  
  111  8:32  Refinery, Marine x3, SCV  
  111  8:33  Factory, Supply Depot, SCV  
  117  8:40  Supply Depot, Barracks Reactor  
  117  8:41  Barracks Reactor, SCV  
  117  8:44  SCV  
  117  8:45  SCV  
  117  8:46  Supply Depot  
  120  8:53  SCV  
  120  8:54  Medivac x2  
  125  8:56  SCV  
  125  8:57  Supply Depot, Marine x3, SCV  
  125  8:58  Marine  
  129  9:08  Siege Tank  
  118  9:15  Marine x3  
  118  9:16  Marine  
  119  9:17  Marine x4  
  119  9:19  Factory Tech Lab  
  120  9:24  Medivac  
  120  9:25  Sensor Tower  
  120  9:27  Medivac  
  124  9:32  Marine  
  124  9:33  Marine x2  
  124  9:34  Marine x2  
  124  9:35  Marine x3  
  132  9:41  Siege Tank  
  134  9:50  Marine x3  
  134  9:51  Command Center, Marine, Armory  
  134  9:52  Marine x2  
  138  9:53  Marine x2  
  138  9:57  Medivac x2  
  142  10:08  Marine x3  
  142  10:09  Marine  
  142  10:10  Marine x3  
  142  10:11  Marine  
  143  10:21  Siege Tank  
  143  10:22  Siege Tank  
  143  10:26  Marine x3  
  143  10:27  Marine  
  143  10:28  Marine x4  
  150  10:33  Supply Depot  
  150  10:34  Supply Depot  
  154  10:44  Marine x3  
  154  10:45  Marine  
  154  10:46  Marine x4  
  158  10:51  Medivac x2  
  158  10:53  Siege Tank  
  150  11:01  Marine  
  150  11:02  Marine x2  
  150  11:03  Marine  
  150  11:04  Marine x4  
  158  11:19  Marine x3  
  158  11:20  Marine  
  158  11:21  Medivac, Marine  
  158  11:22  Marine x3  
  162  11:37  Marine x3  
  162  11:38  Marine  
  162  11:39  Barracks, Marine x3  
  167  11:40  Marine  
  167  11:42  Barracks  
  169  11:48  Medivac  
  169  11:51  Medivac  
  173  11:55  Marine x3  
  173  11:56  Marine  
  173  11:57  Marine  
  173  11:58  Marine x3  
  181  12:03  Siege Tank x2  
  183  12:13  Marine x2  
  183  12:14  Marine x2  
  183  12:15  Marine x2  
  179  12:18  Medivac  
  179  12:21  Marine x2, Medivac  
  179  12:31  Marine x2  
  179  12:32  Marine x2  
  179  12:33  Marine  
  179  12:34  Marine  
  179  12:35  Siege Tank x2  
  184  12:38  Marine x2  
  180  12:47  Barracks Reactor  
  180  12:48  Marine x2  
  180  12:49  Marine x2  
  180  12:50  Marine  
  187  12:52  Marine  
  187  12:53  Barracks Reactor  
Show
View Real Time Build Order
Export as new Build Order

HeroMarine Terran 

Build Orders: Reaper Expand 

Get SALT Encoding   

  12  0:00  SCV  
  13  0:12  SCV  
  14  0:17  Supply Depot  
  14  0:25  SCV  
  15  0:38  SCV  
  15  0:42  Barracks  
  16  0:44  Refinery  
  16  0:50  SCV  
  17  1:03  SCV  
  18  1:15  SCV  
  19  1:29  Reaper, Orbital Command  
  20  1:43  Command Center  
  20  1:53  Supply Depot  
  20  1:55  SCV  
  21  2:01  Marine  
  22  2:08  Factory  
  22  2:11  SCV  
  23  2:18  Refinery  
  23  2:23  Barracks Reactor, SCV  
  23  2:29  Bunker  
  24  2:35  SCV  
  25  2:47  SCV  
  26  2:52  Starport  
  26  2:55  Factory Tech Lab  
  26  2:56  Orbital Command  
  26  3:00  SCV  
  26  3:01  Marine  
  26  3:04  Marine  
  29  3:12  SCV  
  30  3:14  Cyclone  
  30  3:19  Marine  
  35  3:22  Marine  
  36  3:27  Engineering Bay  
  36  3:33  Viking  
  38  3:37  Marine  
  38  3:40  Marine  
  40  3:45  SCV  
  40  3:46  SCV  
  42  3:48  Supply Depot  
  42  3:53  Siege Tank  
  42  3:55  Orbital Command  
  45  3:58  SCV  
  45  4:10  Viking, Marine x2, SCV  
  50  4:22  Supply Depot  
  50  4:23  SCV  
  51  4:24  SCV  
  52  4:34  Marine  
  52  4:35  Supply Depot, SCV  
  54  4:40  Marine  
  54  4:43  Siege Tank, SCV  
  58  4:47  SCV  
  58  4:52  Marine  
  59  4:55  SCV  
  59  4:57  Viking  
  59  4:58  Marine  
  59  4:59  SCV  
  64  5:05  Supply Depot  
  63  5:08  SCV  
  63  5:10  Marine  
  63  5:12  SCV  
  66  5:15  Marine  
  66  5:20  SCV  
  66  5:25  Command Center  
  66  5:26  SCV  
  66  5:27  Marine  
  68  5:31  Siege Tank  
  68  5:35  Missile Turret  
  71  5:36  SCV  
  72  5:49  Missile Turret  
  71  5:52  Viking x2  
  71  5:54  SCV  
  71  5:55  Barracks Tech Lab  
  76  6:02  Missile Turret, SCV  
  77  6:09  SCV  
  70  6:14  SCV  
  64  6:24  Marine  
  63  6:26  SCV x2  
  60  6:36  Viking x2  
  60  6:41  Marine  
  60  6:43  Refinery, SCV x2  
  60  6:44  Refinery  
  61  6:56  Orbital Command  
  61  6:58  SCV x2  
  61  6:59  Terran Infantry Weapons Level 1, Marine  
  61  7:00  Engineering Bay, Stimpack  
  61  7:10  SCV x2  
  63  7:16  Barracks  
  63  7:17  Marine  
  63  7:19  Barracks  
  63  7:21  Starport Reactor  
  63  7:22  SCV x2  
  66  7:23  Orbital Command  
  69  7:31  Terran Infantry Armor Level 1  
  69  7:33  Barracks x2  
  69  7:34  SCV x2  
  69  7:35  Marine  
  69  7:37  Siege Tank  
  72  7:46  SCV x2  
  72  7:51  SCV  
  72  7:54  Marine  
  72  7:58  SCV  
  72  8:00  Medivac  
  72  8:01  SCV  
  72  8:03  SCV  
  77  8:06  Missile Turret, Marine x2  
  77  8:10  SCV  
  77  8:11  Supply Depot x2, Marine  
  77  8:12  Barracks Reactor  
  81  8:13  SCV  
  81  8:15  SCV  
  79  8:22  Marine  
  79  8:23  SCV  
  79  8:24  Medivac, Marine  
  79  8:25  SCV  
  85  8:27  SCV  
  85  8:29  Medivac  
  85  8:32  Armory  
  88  8:35  SCV  
  88  8:37  Barracks Reactor, SCV  
  88  8:39  SCV  
  91  8:42  Barracks Reactor  
  91  8:44  Marine x3  
  91  8:47  SCV  
  95  8:55  SCV x2  
  96  8:56  Marine  
  95  9:03  Marine x2  
  95  9:04  Marine  
  95  9:05  Marine, SCV  
  95  9:07  SCV  
  83  9:14  Marine, Medivac x2  
  83  9:16  SCV  
  89  9:18  Refinery, SCV  
  89  9:21  Marine x2  
  89  9:22  Marine x2, Refinery  
  89  9:23  Terran Infantry Weapons Level 2  
  94  9:25  SCV  
  94  9:29  SCV  
  96  9:31  Marine, Terran Infantry Armor Level 2  
  96  9:35  Marine x3  
  96  9:36  SCV  
  96  9:37  SCV  
  96  9:38  Marine  
  103  9:43  Terran Vehicle Weapons Level 1  
  103  9:44  Marine  
  103  9:45  Marine x2  
  106  9:48  SCV x2  
  106  9:49  SCV, Factory  
  108  9:57  Supply Depot x2  
  108  9:58  Marine x2  
  109  10:01  Marine x2  
  109  10:03  SCV x2  
  109  10:04  Marine  
  109  10:05  Marine x2  
  107  10:08  Marine x2  
  109  10:14  Medivac, SCV  
  109  10:18  Medivac, Marine, SCV  
  109  10:19  Marine  
  109  10:20  Marine  
  112  10:22  Marine  
  112  10:23  Marine  
  112  10:24  Marine x2  
  112  10:26  Marine x2  
  112  10:27  SCV x2  
  109  10:30  Siege Tank  
  109  10:31  SCV  
  110  10:36  Marine  
  110  10:37  Marine x2  
  110  10:38  Factory Tech Lab  
  110  10:39  SCV  
  110  10:40  Marine x2  
  110  10:41  Marine  
  116  10:44  Medivac  
  116  10:45  Marine  
  116  10:49  SCV  
  110  10:54  Marine x2  
  110  10:55  Marine x2  
  102  10:58  Combat Shields  
  102  11:00  SCV  
  102  11:01  SCV  
  102  11:02  Marine  
  105  11:06  Marine x2  
  105  11:11  SCV  
  106  11:12  Marine x2  
  106  11:14  Marine x3  
  108  11:19  SCV x2  
  108  11:21  Marine x2  
  108  11:23  Marine  
  108  11:24  Marine  
  114  11:30  Marine  
  115  11:33  Siege Tank  
  115  11:37  Siege Tank  
  115  11:38  SCV x2  
  122  11:40  Marine x2  
  122  11:42  Marine  
  122  11:43  Refinery  
  125  11:50  Marine  
  125  11:54  Marine x5  
  125  11:58  Marine x2  
  125  12:00  Marine  
  125  12:01  Supply Depot  
  125  12:02  Supply Depot  
  125  12:03  Supply Depot  
  125  12:05  Siege Tank  
  125  12:08  Marine  
  117  12:12  Marine x5  
  100  12:16  Marine  
  100  12:19  Siege Tank  
  100  12:23  Marine x2  
  100  12:26  Marine  
  100  12:29  Marine x4  
  94  12:30  Marine  
  94  12:34  Marine  
  97  12:41  Marine x2  
  97  12:44  Marine  
  90  12:47  Marine x5  
  90  12:48  SCV x3  
  100  12:52  Marine  
Tags
 
Add a new tag
Caveats
  • Supply blocks, unpowered buildings, or Contaminate may cause inaccurate times.
  • Supply counts are checked every 10 seconds.